 Dungeon Crawl Stone Soup version 0.30.1-4-g462c640d31 (webtiles) character file.

Game seed: 18339556055156781283

130 Danienth the Charlatan (level 4, -4/33 HPs)
             Began as a Demonspawn Artificer on Sept 18, 2023.
             Slain by an orc priest
             ... wielding a +0 war axe
              (7 damage)
             ... on level 3 of the Dungeon.
             The game lasted 00:11:44 (1764 turns).

Danienth the Charlatan (Demonspawn Artificer)       Turns: 1764, Time: 00:11:44

Health: -4/33      AC:  5    Str: 12    XL:     4   Next: 89%
Magic:  4/4        EV: 11    Int: 13    God:
Gold:   90         SH:  5    Dex: 15    Spells: 1/3 levels left

rFire   . . .        j - +0 short sword (venom)
rCold   . . .        (no shield)
rNeg    . . .        o - +2 leather armour
rPois   .            (helmet restricted)
rElec   .            (no cloak)
rCorr   .            (no gloves)
SInv    .            (no boots)
Will    .....        k - amulet of reflection
Stlth   +            (no ring)
HPRegen 0.25/turn    (no ring)
MPRegen 0.09/turn

%: reflection
@: silenced
A: horns 1, ignite blood 1
a: no special abilities


You were on level 3 of the Dungeon.
You visited 1 branch of the dungeon, and saw 3 of its levels.

You collected 90 gold pieces.

Inventory:

Hand Weapons
 j - a +0 short sword of venom (weapon)
 q - a +0 sling
Missiles
 s - 5 boomerangs of dispersal
Armour
 b - a +0 leather armour
 f - a +0 helmet
 o - a +2 leather armour (worn)
Jewellery
 k - an amulet of reflection (around neck)
 m - an amulet of regeneration
Wands
 c - a wand of flame (8) (quivered)
 d - a wand of charming (15)
 e - a wand of iceblast (5)
 t - a wand of polymorph (14)
Scrolls
 h - a scroll of noise {unknown}
 r - a scroll of teleportation
Potions
 g - a potion of degeneration {unknown}
 n - a potion of mutation {unknown}
 p - a potion of flight {unknown}


   Skills:
 + Level 1.6 Fighting
 * Level 2.8 Short Blades
 - Level 0.1 Maces & Flails
 - Level 1.8 Armour
 - Level 1.1 Dodging
 - Level 1.3 Stealth
 - Level 0.5 Shields
 - Level 0.3 Unarmed Combat
 - Level 3.5 Evocations


You had one spell level left.
You knew the following spells:

 Your Spells              Type           Power      Damage    Failure   Level
a - Static Discharge      Conj/Air       0%         2-2/arc   52%         2

Your spell library contained the following spells:

 Spells                   Type           Power      Damage    Failure   Level
 Petrify                  Tmut/Erth      0%         N/A       98%         4
 Chain Lightning          Conj/Air       0%         N/A       100%        9


Dungeon Overview and Level Annotations

Branches:
Dungeon (3/15)

Altars:


Innate Abilities, Weirdness & Mutations

You have a pair of small horns on your head.
Your demonic aura sometimes causes spilled blood to erupt in flames.


Message History

Aim: an orc priest, wielding a +0 hand axe (moderately wounded, very poisoned, about 38% to evade your +0 short sword of venom)
You hit the orc priest.
The orc priest looks as sick as possible!
Your headbutt misses the orc priest.
The orc priest is heavily wounded.
The orc priest hits you with a +0 war axe.
You block the orc's attack. You block the orc priest's attack.
Hit: j) +0 short sword (venom)
Press: ? - help, Dir - move target, f - orc priest, p - orc priest
Aim: an orc priest, wielding a +0 war axe (about 38% to evade your +0 short sword of venom)
You barely miss the orc priest.
The orc priest calls down the wrath of Beogh upon you.
Beogh smites you!
* * * LOW HITPOINT WARNING * * *
The orc closely misses you.
The orc priest looks encouraged for a moment.
You feel better. You block the orc priest's attack. The orc closely misses you.
The orc priest barely misses you.
Hit: j) +0 short sword (venom)
Press: ? - help, Dir - move target, f/p - orc priest
Aim: an orc priest, wielding a +0 war axe (about 38% to evade your +0 short sword of venom)
You closely miss the orc priest.
You kill the orc priest!
The orc hits you with a +0 war axe!
The orc priest hits you but does no damage.
Aiming: Throw Flame
Press: ? - help, Q - select action, (/) - cycle Shift-Dir - straight line, f/p - orc priest
Aim: an orc priest, wielding a +0 war axe (71% to hit)
The puff of flame hits the orc priest!
The orc priest is heavily wounded.
The orc hits you with a +0 war axe!
* * * LOW HITPOINT WARNING * * *
The orc priest hits you with a +0 war axe.
* * * LOW HITPOINT WARNING * * *
Okay, then.
As you read the scroll labelled KINIOSACEN, it crumbles to dust.
A profound silence engulfs you.
It was a scroll of silence.
You block the orc's attack.
The orc priest hits you with a +0 war axe!
You die...

#.#
#..#######..
#.# #..# .
#.# #..# #.#
#..# #.#
#..# #..#
#..# #..#
#)@# #oo#
#..# ....
.....
'......
##...... #
##.....# . #


You could see an orc priest and an orc.

Vanquished Creatures
  An orc priest (D:3)
  Ijyb (D:3)
  An orc wizard (D:3)
  An ufetubus (D:3)
  2 dart slugs
  An orc (D:3)
  3 ball pythons
  3 endoplasms
  3 giant cockroaches
  3 goblins (D:1)
  2 hobgoblins (D:1)
  4 jackals (D:3)
  6 kobolds
  A quokka (D:2)
  3 frilled lizards
  5 rats
40 creatures vanquished.

Notes
Turn   | Place    | Note
-------+----------+-------------------------------------------
     0 | D:1      | Danienth the Demonspawn Artificer began the quest for the
                  | Orb.
     0 | D:1      | Reached XP level 1. HP: 15/15 MP: 1/1
   170 | D:1      | Reached skill level 1 in Stealth
   228 | D:1      | Gained mutation: You have a pair of small horns on your
                  | head. [demonic ancestry]
   228 | D:1      | Reached XP level 2. HP: 21/21 MP: 2/2
   259 | D:1      | Reached skill level 1 in Dodging
   266 | D:1      | Got the Compendium of Rocky Electricity
  1156 | D:2      | Gained mutation: Your demonic aura sometimes causes spilled
                  | blood to erupt in flames. [demonic ancestry]
  1156 | D:2      | Reached XP level 3. HP: 26/26 MP: 3/3
  1399 | D:2      | Reached skill level 1 in Short Blades
  1615 | D:3      | Learned a level 2 spell: Static Discharge
  1665 | D:3      | Noticed Ijyb
  1675 | D:3      | Killed Ijyb
  1707 | D:3      | Reached XP level 4. HP: 27/32 MP: 4/4
  1764 | D:3      | Slain by an orc priest

Illustrated notes

Levels and vault maps discovered:
D:1:      grunt_arrival_lava_bath, layout_basic
D:2:      layout_basic
D:3:      layout_basic, uniq_ijyb

Skill      XL: |  1  2  3 |
---------------+----------+-----
Stealth        | 1 |  1.3
Dodging        | 1 |  1.1
Short Blades   | 2 |  2.8
Fighting       | |  1.6
Maces & Flails | |  0.1
Armour         | |  1.8
Shields        | |  0.5
Unarmed Combat | |  0.3
Evocations     | |  3.5

Action                     |  1- 3 |  4- 6 || total
---------------------------+-------+-------++-------
  Melee: Club              |    18 |       ||    18
         Short sword       |    47 |    11 ||    58
         Headbutt          |     9 |     2 ||    11
         Unarmed           |     6 |       ||     6
  Evoke: Wand              |     6 |     1 ||     7
    Use: Scroll            |     5 |     1 ||     6
         Potion            |     1 |     2 ||     3
   Stab: Sleeping          |     5 |       ||     5
 Armour: Leather armour    |     9 |     3 ||    12
         Skin              |     1 |       ||     1
  Dodge: Dodged            |    49 |     4 ||    53
  Block: Other             |    10 |     5 ||    15
         Reflection        |     1 |     1 ||     2
